 Dungeon Crawl Stone Soup version 0.27.1-16-g815e20cd7a (webtiles) character file.

Game seed: 7011602816946925410

98 zeram the Caller (level 4, -8/30 HPs)
             Began as a Demonspawn Summoner on Nov 22, 2021.
             Succumbed to a water moccasin's poison
             ... on level 4 of the Dungeon.
             The game lasted 00:06:17 (3035 turns).

zeram the Caller (Demonspawn Summoner)              Turns: 3035, Time: 00:06:18

Health: -8/30      AC:  5    Str:  8    XL:     4   Next: 44%
Magic:  6/7        EV: 12    Int: 17    God:
Gold:   188        SH:  0    Dex: 14    Spells: 1/7 levels left

rFire    . . .     SeeInvis .   b - +1 hand axe (elec)
rCold    . . .     Faith    .   (no shield)
rNeg     . . .     Spirit   .   a - +0 robe
rPois    .         Reflect  .   (no helmet)
rElec    .         Harm     .   l - +1 cloak
rCorr    .         Rampage  .   g - +0 pair of gloves
Will     .....                  (no boots)
Stlth    ++........             (no amulet)
HPRegen  0.10/turn              (no ring)
MPRegen  0.10/turn              (no ring)

@: lethally poisoned (-8 -> -69)
A: ignite blood 1, powered by death 1
a: no special abilities


You were on level 4 of the Dungeon.
You visited 1 branch of the dungeon, and saw 4 of its levels.

You collected 188 gold pieces.

Inventory:

Hand Weapons
 b - a +1 hand axe of electrocution (weapon)
Missiles
 h - 224 stones
 m - a throwing net
Armour
 a - a +0 robe (worn)
 g - a +0 pair of gloves (worn)
 l - a +1 cloak (worn)
Jewellery
 d - a ring of fire
Wands
 i - a wand of polymorph (3)
 k - a wand of flame (10)
Scrolls
 c - 3 scrolls of identify {unknown}
 e - a scroll of acquirement {unknown}
 f - a scroll of blinking {unknown}
Potions
 j - a potion of brilliance {unknown}


   Skills:
 - Level 1.7 Dodging
 - Level 1.7 Stealth
 - Level 2.0 Spellcasting
 + Level 5.9 Summonings


You had one spell level left.
You knew the following spells:

 Your Spells              Type           Power      Damage    Failure   Level
a - Summon Small Mammal   Summ           88%        N/A       1%          1
b - Call Imp              Summ           22%        N/A       2%          2
c - Call Canine Familiar  Summ           22%        N/A       4%          3

Your spell library contained the following spells:

 Spells                   Type           Power      Damage    Failure   Level
 Summon Guardian Golem    Hex/Summ       11%        N/A       17%         3
 Summon Lightning Spire   Summ/Air       11%        N/A       50%         4


Dungeon Overview and Level Annotations

Branches:
Dungeon (4/15)
 Temple: D:4-7

Altars:


Innate Abilities, Weirdness & Mutations

Your demonic aura sometimes causes spilled blood to erupt in flames.
You regenerate a little health from kills.


Message History

You see here a murky ruby potion.
You completely miss the hobgoblin.
The hobgoblin hits you but does no damage.
You barely miss the hobgoblin. The hobgoblin hits you.
You barely miss the hobgoblin. The hobgoblin closely misses you.
The hobgoblin hits you but does no damage.
You hit the hobgoblin.
The hobgoblin is moderately wounded.
The hobgoblin misses you.
You hit the hobgoblin.
You kill the hobgoblin!
No target in view!
j - a murky ruby potion You see here 26 bolts.
A water moccasin comes into view.
A water moccasin is nearby!
A water moccasin is nearby!
A water moccasin is nearby!
The helpless water moccasin fails to defend itself.
You hit the water moccasin.
The water moccasin is lightly wounded.
The water moccasin bites you.
You are poisoned.
The water moccasin poisons you! The water moccasin bites you!
You are lethally poisoned!
The water moccasin poisons you!
Casting: Call Canine Familiar (dangerous; 4% risk of failure)
Confirm with . or Enter, or press ? or * to list all spells.
You feel extremely sick. The water moccasin bites you.
* * * LOW HITPOINT WARNING * * *
You are more poisoned.
The water moccasin poisons you! The water moccasin bites you.
* * * LOW HITPOINT WARNING * * *
You are more poisoned.
The water moccasin poisons you!
Casting: Summon Small Mammal (safe; 1% risk of failure)
Confirm with . or Enter, or press ? or * to list all spells.
Okay, then.
You die...

#.# #. #.# #.#
###.###.## #.#
#........# #.#
#.###.#.#. ..##
.......... #r.
..###.#.#. #S#
##...# #○# ##.##
#@#############.#
#..............(#
#################


You could see a water moccasin (ally target) and a friendly quokka (summoned).

Vanquished Creatures
  2 adders
  A worm (D:3)
  A dart slug (D:2)
  3 orcs
  4 endoplasms
  3 giant cockroaches
  3 goblins
  8 hobgoblins
  2 jackals (D:4)
  A kobold (D:3)
  4 ball pythons
  3 bats
  2 frilled lizards
  A rat (D:1)
38 creatures vanquished.

Vanquished Creatures (collateral kills)
  An orc wizard (D:3)
  An adder (D:3)
  A ball python (D:1)
  An endoplasm (D:2)
  2 hobgoblins
  A quokka (D:2)
  A bat (D:3)
  3 kobolds
  2 rats
13 creatures vanquished.

Grand Total: 51 creatures vanquished

Notes
Turn   | Place    | Note
-------+----------+-------------------------------------------
     0 | D:1      | zeram the Demonspawn Summoner began the quest for the Orb.
     0 | D:1      | Reached XP level 1. HP: 13/13 MP: 3/3
    44 | D:1      | Noticed a redback
    44 | D:1      | Noticed a swamp worm
    44 | D:1      | Noticed a polar bear
    45 | D:1      | Noticed a wolf
   419 | D:1      | Found a faded altar of an unknown god.
   877 | D:2      | Gained mutation: Your demonic aura sometimes causes spilled
                  | blood to erupt in flames. [demonic ancestry]
   877 | D:2      | Reached XP level 2. HP: 17/19 MP: 1/5
   891 | D:2      | Learned a level 2 spell: Call Imp
  1380 | D:2      | Reached skill level 5 in Summonings
  1460 | D:2      | Gained mutation: You regenerate a little health from kills.
                  | [demonic ancestry]
  1460 | D:2      | Reached XP level 3. HP: 24/24 MP: 6/6
  1464 | D:2      | Learned a level 3 spell: Call Canine Familiar
  2235 | D:3      | Reached XP level 4. HP: 20/30 MP: 1/7
  3030 | D:4      | Noticed a water moccasin
  3035 | D:4      | Succumbed to a water moccasin's poison

Illustrated notes

Levels and vault maps discovered:
D:1:      onia_arrival_zoo_common, layout_basic, basic_ecumenical_altar
D:2:      layout_loops_ring
D:3:      layout_rooms
D:4:      layout_loops_ring, minmay_temple_entry_glassed_door,
          hangedman_decor_opposing, uniq_edmund

Skill      XL: |  1  2 |
---------------+-------+-----
Summonings     | 5 |  5.9
Dodging        | |  1.7
Stealth        | |  1.7
Spellcasting   | |  2.0

Action                   |  1- 3 |  4- 6 || total
-------------------------+-------+-------++-------
Melee: Hand axe          |    80 |    19 ||    99
 Cast: Summon Small Mamm |    23 |     1 ||    24
       Call Imp          |     9 |     4 ||    13
       Call Canine Famil |     1 |     2 ||     3
  Use: Scroll            |     1 |       ||     1
       Potion            |     5 |       ||     5
 Stab: Sleeping          |     4 |     3 ||     7
Armor: Robe              |    26 |     4 ||    30
Dodge: Dodged            |    54 |    11 ||    65
